 Dungeon Crawl Stone Soup version 0.31-a0-1589-g8f5e8aebd6 (webtiles) character file.

Game seed: 6857843302609029114

7 CougarLife the Shield-Bearer (level 1, -1/19 HPs)
             Began as a Minotaur Fighter on Jan 6, 2024.
             Slain by a quokka (4 damage)
             ... on level 1 of the Dungeon.
             The game lasted 00:00:16 (73 turns).

CougarLife the Shield-Bearer (Minotaur Fighter)       Turns: 73, Time: 00:00:16

Health: -1/19      AC:  8    Str: 20    XL:     1   Next: 83%
Magic:  0/0        EV:  9    Int:  5    God:
Gold:   0          SH:  4    Dex:  9    Spells: 0/0 levels left

rFire   . . .        a - +0 war axe
rCold   . . .        c - +0 buckler
rNeg    . . .        b - +0 scale mail
rPois   .            (helmet restricted)
rElec   .            (no cloak)
rCorr   .            e - +0 pair of gloves
SInv    .            (no boots)
Will    .....        (no amulet) Stlth
                     (no ring)
HPRegen 0.23/turn    (no ring)
MPRegen 0.07/turn

%: no passive effects
@: no status effects
A: horns 2, retaliatory headbutt
a: no special abilities


You were on level 1 of the Dungeon.
You visited 1 branch of the dungeon, and saw 1 of its levels.

Inventory:

Hand Weapons
 a - a +0 war axe (weapon)
Armour
 b - a +0 scale mail (worn)
 c - a +0 buckler (worn)
 e - a +0 pair of gloves (worn)
Potions
 d - a potion of might


   Skills:
 - Level 3.6 Fighting
 - Level 2.4 Axes
 + Level 3.9 Armour
 + Level 3.9 Shields


You couldn't memorise any spells.
You didn't know any spells.
Your spell library was empty.

Dungeon Overview and Level Annotations

Branches:
Dungeon (1/15)

Altars:


Innate Abilities, Weirdness & Mutations

You have a pair of horns on your head.
You reflexively headbutt those who attack you in melee.


Message History

There are monsters nearby!
You closely miss the jackal.
The jackal is lightly wounded.
You block the jackal's attack.
The kobold throws a stone.
The stone hits you but does no damage. The jackal closely misses you.
There are monsters nearby!
You completely miss the jackal.
The jackal is lightly wounded.
The jackal closely misses you. You furiously retaliate!
You headbutt the jackal, but do no damage.
The jackal bites you but does no damage.
The kobold hits you with a +0 short sword of venom.
You are poisoned.
There are monsters nearby!
You slash the jackal!
You kill the jackal!
You hit the kobold.
You kill the kobold!
You feel very sick.
A quokka is nearby!
You feel sick. The quokka completely misses you.
A quokka is nearby!
A quokka is nearby!
You closely miss the quokka.
You feel sick.
The quokka twitches its whiskers.
You block the quokka's attack. The quokka closely misses you.
A quokka is nearby!
You miss the quokka.
You feel sick. The quokka bites you.
* * * LOW HITPOINT WARNING * * *
The quokka barely misses you.
A quokka is nearby!
You are too injured to fight recklessly!
You are too injured to fight recklessly!
You are too injured to fight recklessly!
You completely miss the quokka. Your headbutt misses the quokka.
You feel sick.
The quokka bites you but does no damage.
You closely miss the quokka.
You feel sick.
You are no longer poisoned.
You block the quokka's attack. The quokka bites you.
You die...

....#####.######....#
....#####.# ....#
........#.# ....
..........# ...
........### #..
#######.# #†# ####.#
#..)@# #...r+
........# .........
......... .......$..
.^........
##.........


You could see a quokka.

Vanquished Creatures
  A hobgoblin (D:1)
  3 jackals (D:1)
  2 kobolds (D:1)
6 creatures vanquished.

Notes
Turn   | Place    | Note
-------+----------+-------------------------------------------
     0 | D:1      | CougarLife the Minotaur Fighter began the quest for the
                  | Orb.
     0 | D:1      | Reached XP level 1. HP: 19/19 MP: 0/0
    73 | D:1      | Slain by a quokka

Illustrated notes

Levels and vault maps discovered:
D:1:      minmay_arrival_jagged, layout_basic, serial_shops,
          nicolae_shop_hallway_stairs, st_stairs_14, chequers_garden

Action                     || total
---------------------------++-------
  Melee: War axe           ||    15
         Headbutt          ||     2
 Armour: Scale mail        ||    12
  Dodge: Dodged            ||    11
  Block: Buckler           ||     4

Table legend: (Time is in decaauts)
 A = Elapsed time spent in this place.
 B = Non-inter-level travel time spent in this place.
 C = Inter-level travel time spent in this place.
 D = Time resting spent in this place.
 E = Time spent auto-exploring this place.
 F = Levels seen in this place.
 G = Mean time per level.
                   A        B        C        D        E       F      G
               +--------+--------+--------+--------+--------+-----+--------+
         Total |     79 |     79 |      0 |      0 |     34 |   1 |   79.0 |
       Dungeon |     79 |     79 |      0 |      0 |     34 |   1 |   79.0 |
               +--------+--------+--------+--------+--------+-----+--------+

Top non-repeatable levels by time:
     D:1: 79 daAuts
